 Dungeon Crawl Stone Soup version 0.27-a0-1431-gcffa5a9b16 (webtiles) character file.

Game seed: 2054174770547227611

401 lmSkywalker the Insei (level 6, -2/38 HPs)
             Began as an Octopode Transmuter on July 2, 2021.
             Succumbed to a killer bee's poison
             ... on level 5 of the Dungeon.
             The game lasted 00:18:06 (7250 turns).

lmSkywalker the Insei (Octopode Transmuter)         Turns: 7250, Time: 00:18:06

Health: -2/38      AC:  1    Str: 10    XL:     6   Next: 85%
Magic:  8/10       EV: 13    Int: 17    God:
Gold:   134        SH:  0    Dex: 12    Spells: 5/11 levels left

rFire    . . .     SeeInvis .     - Unarmed
rCold    . . .     Faith    .   (no shield)
rNeg     . . .     Spirit   .   (helmet currently unavailable)
rPois    .         Reflect  .   (no amulet)
rElec    .         Harm     .   (no ring)
rCorr    .         Rampage  .   (no ring)
Will     .....                  (no ring)
Stlth    +++.......             (no ring)
HPRegen  0.12/turn              (no ring)
MPRegen  0.12/turn              (no ring)
                                (no ring)
                                (no ring)

@: lethally poisoned (-2 -> -18), appendages, wereblooded
A: tentacle spike 3, almost no armour, amphibious, 8 rings, camouflage 1,
gelatinous body 1, (nimble swimmer 1), tentacles
a: End Transformation


You were on level 5 of the Dungeon.
One of your tentacles had grown a beastly spike.
You visited 2 branches of the dungeon, and saw 6 of its levels.

You collected 134 gold pieces.

Inventory:

Hand Weapons
 a - a +0 hunting sling
Missiles
 i - 11 sling bullets
 j - 108 stones (quivered)
 p - a throwing net
 r - 7 datura-tipped darts
Scrolls
 b - 3 scrolls of identify {unknown}
 c - 2 scrolls of teleportation {unknown}
 d - a scroll of enchant weapon {unknown}
 f - a scroll of magic mapping {unknown}
 l - a scroll of immolation {unknown}
 n - a scroll of fog {unknown}
Potions
 e - a potion of mutation {unknown}
 g - a potion of brilliance {unknown}
 h - a potion of heal wounds {unknown}
 k - a potion of cancellation {unknown}
 m - 2 potions of curing {unknown}
 o - a potion of lignification {unknown}
 q - a potion of degeneration {unknown}


   Skills:
 - Level 1.0 Fighting
 - Level 0.1 Slings
 + Level 3.3 Dodging
 + Level 3.8 Stealth
 + Level 4.0 Unarmed Combat
 - Level 3.0 Spellcasting
 * Level 3.5 Transmutations
 * Level 2.5 Poison Magic


You had 5 spell levels left.
You knew the following spells:

 Your Spells              Type           Power      Damage    Failure   Level
a - Beastly Appendage     Tmut           28%        N/A       4%          1
b - Wereblood             Tmut           14%        N/A       6%          2
c - Spider Form           Tmut/Pois      6%         N/A       14%         3

Your spell library contained the following spells:

 Spells                   Type           Power      Damage    Failure   Level
 Freeze                   Ice            8%         1d3       17%         1
 Static Discharge         Conj/Air       2%         N/A       26%         2
 Frozen Ramparts          Ice            4%         1d2       45%         3
 Olgreb's Toxic Radiance  Pois           11%        N/A       52%         4
 Ice Form                 Ice/Tmut       8%         N/A       63%         4
 Hailstorm                Conj/Ice       2%         3d3       86%         4
 Lightning Bolt           Conj/Air       1%         1d12      99%         5
 Ozocubu's Refrigeration  Ice            1%         4d5       100%        7
 Ignition                 Fire           1%         3d3       100%        8
 Maxwell's Capacitive Co  Air            1%         ∞         100%        8
 Chain Lightning          Conj/Air       1%         3d1       100%        9
 Fire Storm               Conj/Fire      1%         7d1       100%        9


Dungeon Overview and Level Annotations

Branches:
Dungeon (5/15)             Temple (1/1) D:5

Altars:
Cheibriados
Elyvilon
Fedhas
Gozag
Hepliaklqana
Kikubaaqudgha
Nemelex Xobeh
Okawaru
Sif Muna
Trog
Uskayaw
Wu Jian
Yredelemnul
Zin
The Shining One

Annotations:
D:5 exclusion: water moccasin, Duvessa


Innate Abilities, Weirdness & Mutations

One of your tentacles has grown a beastly spike.
You cannot wear most types of armour.
You are amphibious.
You can wear up to eight rings at the same time.
Your skin changes colour to match your surroundings (Stealth+).
Your rubbery body absorbs attacks. (AC +1, EV +1)
((You are camouflaged near water. (Stealth+)))
You have tentacles for arms and can constrict up to eight enemies at once.


Message History

You throw a stone.
The stone closely misses the killer bee.
The killer bee buzzes angrily. x2
There is an open door here.
Casting: Beastly Appendage (safe; 4% risk of failure)
Confirm with . or Enter, or press ? or * to list all spells.
Your blood is infused with primal strength.
The killer bee stings you but does no damage.
The killer bee stings you!
You are poisoned.
The killer bee poisons you!
You feel very sick. The killer bee misses you. The killer bee stings you.
You tentacle-slap the killer bee. Your grab misses the killer bee.
Your tentacle spike misses the killer bee.
The killer bee is lightly wounded.
You feel sick. The killer bee completely misses you.
You are too injured to fight recklessly!
You are too injured to fight recklessly!
You closely miss the killer bee. Your grab misses the killer bee.
Your tentacle spike misses the killer bee.
The killer bee is lightly wounded.
You feel sick. The killer bee barely misses you. The killer bee stings you!
* * * LOW HITPOINT WARNING * * *
You are lethally poisoned!
The killer bee poisons you!
You tentacle-slap the killer bee. Your grab misses the killer bee.
The killer bee is moderately wounded.
* * * LOW HITPOINT WARNING * * *
You feel very sick. The killer bee stings you.
* * * LOW HITPOINT WARNING * * *
You are more poisoned.
The killer bee poisons you! The killer bee stings you.
* * * LOW HITPOINT WARNING * * *
You tentacle-slap the killer bee. You grab the killer bee.
You tentacle-slap the killer bee.
The killer bee is severely wounded.
You constrict the killer bee.
You die...

......<.# #.# #.# ##.##
######...####
............(y##########
..#.####...##...y.......
#.#. ##.###.##y#####.#
^... #.# #.##@#
.#..#####.# #.##†# ##
.#..#.....# ###..#####..#
.##.#.########...........
..#.........+...⌠..>..⌠..
..##...###..##.(........(
.....#.##....##..#####.!#
.###...##..#..##.# #
##..........#..#+#


You could see 2 killer bees.

Vanquished Creatures
  A scorpion (D:4)
  A water moccasin skeleton (D:5)
  A hound (D:5)
  A jelly (D:5)
  A centaur zombie (D:5)
  An iguana (D:5)
  A hound skeleton (D:4)
  10 adders
  An ufetubus (D:5)
  2 worms (D:2)
  4 dart slugs
  4 orcs (D:4)
  An endoplasm (D:2)
  5 giant cockroaches
  4 goblins
  4 hobgoblins
  2 jackals (D:3)
  6 kobolds
  A quokka (D:5)
  6 ball pythons
  A bat (D:1)
  2 frilled lizards (D:2)
  10 rats
70 creatures vanquished.

Notes
Turn   | Place    | Note
-------+----------+-------------------------------------------
     0 | D:1      | lmSkywalker the Octopode Transmuter began the quest for the
                  | Orb.
     0 | D:1      | Reached XP level 1. HP: 13/13 MP: 3/3
   318 | D:1      | Reached XP level 2. HP: 18/18 MP: 3/5
   319 | D:1      | Reached skill level 1 in Stealth
   389 | D:1      | Found a faded altar of an unknown god.
   653 | D:1      | Learned a level 2 spell: Wereblood
  1260 | D:2      | Reached XP level 3. HP: 14/23 MP: 4/6
  2778 | D:3      | Reached XP level 4. HP: 5/28 MP: 5/7
  3058 | D:3      | Learned a level 3 spell: Spider Form
  4385 | D:4      | Noticed a scorpion
  4414 | D:4      | Reached XP level 5. HP: 26/33 MP: 4/8
  4770 | D:4      | Reached skill level 1 in Poison Magic
  5105 | D:4      | Found a glowing golden altar of the Shining One.
  5105 | D:4      | Found an iron altar of Okawaru.
  5173 | D:5      | Entered Level 5 of the Dungeon
  5271 | D:5      | Reached XP level 6. HP: 20/38 MP: 8/10
  6409 | D:5      | Found a staircase to the Ecumenical Temple.
  6579 | D:5      | Reached skill level 4 in Unarmed Combat
  6687 | Temple   | Entered the Ecumenical Temple
  6980 | D:5      | Noticed a water moccasin
  7041 | D:5      | Noticed Duvessa
  7249 | D:5      | HP: 1/38 [killer bee (2)]
  7250 | D:5      | Succumbed to a killer bee's poison

Illustrated notes

Levels and vault maps discovered:
D:1:      dpeg_arrival_water_fire, layout_rooms,
          hellmonk_ecumenical_altar_crossroads, minivault_26
D:2:      layout_basic, minmay_distorted
D:3:      kennysheep_big_flooded_room, layout_basic, dk_noncrumbling_2,
          minmay_misc_feat_cross, minivault_4
D:4:      layout_cave_pools, amethyst_overflow_temple_binary,
          kennysheep_generic_room_12
D:5:      cheibrodos_iron_armory, layout_loops_ring,
          minmay_temple_entry_slanted, grunt_ministairs_15, uniq_duvessa
Temple:   oiseaux_autumnal_temple

Skill      XL: |  1  2  3  4  5  6 |
---------------+-------------------+-----
Stealth        | 1 2 3 |  3.8
Transmutations | 3 |  3.5
Poison Magic   | 1 2 |  2.5
Dodging        | 3 |  3.3
Spellcasting   | 3 |  3.0
Unarmed Combat | 4 |  4.0
Fighting       | |  1.0
Slings         | |  0.1

Action                   |  1- 3 |  4- 6 || total
-------------------------+-------+-------++-------
Melee: Unarmed           |    57 |   117 ||   174
       Kick              |    20 |    20 ||    40
       Constrict         |    11 |    28 ||    39
       Tentacles         |    11 |    19 ||    30
       Punch             |     1 |     4 ||     5
 Fire: Hunting sling     |    14 |       ||    14
Throw: Stone             |       |    20 ||    20
 Cast: Beastly Appendage |    23 |    37 ||    60
       Wereblood         |       |     5 ||     5
 Stab: Sleeping          |     7 |     8 ||    15
Armor: Skin              |     2 |     3 ||     5
Dodge: Dodged            |    35 |    74 ||   109

Table legend: (Time is in decaauts)
 A = Elapsed time spent in this place.
 B = Non-inter-level travel time spent in this place.
 C = Inter-level travel time spent in this place.
 D = Time resting spent in this place.
 E = Time spent auto-exploring this place.
 F = Levels seen in this place.
 G = Mean time per level.
                   A        B        C        D        E       F      G
               +--------+--------+--------+--------+--------+-----+--------+
         Total |   7238 |   6969 |    269 |   1956 |   3394 |   6 | 1206.3 |
       Dungeon |   6966 |   6715 |    251 |   1956 |   3141 |   5 | 1393.2 |
        Temple |    272 |    254 |     18 |      0 |    253 |   1 |  272.0 |
               +--------+--------+--------+--------+--------+-----+--------+

Top non-repeatable levels by time:
     D:2: 2130 daAuts
     D:5: 1755 daAuts
     D:3: 1491 daAuts
     D:4: 935 daAuts
     D:1: 653 daAuts
  Temple: 272 daAuts
